 Dungeon Crawl Stone Soup version 0.28-a0-1412-gf95308ed99 (webtiles) character file.

Game seed: 16094645475954343772

62 croobank the Skirmisher (level 3, -4/29 HPs)
             Began as a Demonspawn Abyssal Knight on Jan 6, 2022.
             Was a Believer of Lugonu.
             Slain by Terence (5 damage)
             ... on level 2 of the Dungeon.
             The game lasted 00:06:57 (1834 turns).

croobank the Skirmisher (Demonspawn Abyssal Knight) Turns: 1834, Time: 00:06:58

Health: -4/29      AC:  3    Str: 15    XL:     3   Next: 85%
Magic:  5/5        EV: 11    Int: 11    God:    Lugonu [**....]
Gold:   69         SH:  0    Dex: 13    Spells: 2/2 levels left

rFire   . . .      SeeInvis .   a - +1 hand axe
rCold   . . .      Faith    .   (no shield)
rNeg    . . .      Spirit   .   b - +0 leather armour
rPois   .          Reflect  .   (no helmet)
rElec   .          Harm     .   (no cloak)
rCorr   .          Rampage  .   (no gloves)
Will    .....                   (no boots)
Stlth   +.........              (no amulet)
HPRegen 0.09/turn               (no ring)
MPRegen 0.09/turn               (no ring)

@: attractive
A: ignite blood 1
a: Renounce Religion, Depart the Abyss, Bend Space


You were on level 2 of the Dungeon.
You worshipped Lugonu.
Lugonu was pleased with you.
You visited 1 branch of the dungeon, and saw 2 of its levels.
You visited the Abyss 1 time.

You collected 69 gold pieces.

Inventory:

Hand Weapons
 a - a +1 hand axe (weapon)
 j - a +0 flail
Missiles
 d - 33 stones
 f - 18 bolts
Armour
 b - a +0 leather armour (worn)
 e - the +1 kite shield "Zokupneg" {rN+ Str+4 Dex-4}
   (You acquired it on level 1 of the Dungeon)

   Str:       It affects your strength (+4).
   Dex:       It affects your dexterity (-4).
   rN:        It protects you from negative energy.
 k - a +0 scale mail
Scrolls
 h - a scroll of blinking {unknown}
 i - a scroll of amnesia {unknown}
 l - a scroll of identify {unknown}
 m - 2 scrolls of teleportation
Potions
 c - a potion of attraction
 g - a potion of heal wounds {unknown}


   Skills:
 + Level 3.4 Fighting
 + Level 2.2 Axes
 + Level 2.3 Armour
 + Level 1.6 Dodging
 + Level 3.2 Invocations


You had 2 spell levels left.
You didn't know any spells.
Your spell library was empty.

Dungeon Overview and Level Annotations

Branches:
Dungeon (2/15)

Altars:

Annotations:
D:2 Terence


Innate Abilities, Weirdness & Mutations

Your demonic aura sometimes causes spilled blood to erupt in flames.


Message History

HP restored.
Things that are here:
a +0 dagger; a +2 robe
m - 3 scrolls labelled OSINEXZIBUI
As you read the scroll labelled OSINEXZIBUI, it crumbles to dust.
You feel strangely unstable.
It was a scroll of teleportation.
Found a robe.
A frilled lizard comes into view.
A frilled lizard is nearby!
Your surroundings suddenly seem different.
Terence the Incautious comes into view.
He is wielding a +0 falchion.
Terence shouts!
You hear an angry hiss.
Terence drinks a potion.
Terence seems to speed up.
A ball python comes into view.
Terence hits you with a +0 falchion.
A worm comes into view.
You hit Terence.
Terence is lightly wounded.
Terence hits you with a +0 falchion. Terence barely misses you.
You closely miss Terence.
Terence is lightly wounded.
Terence hits you with a +0 falchion.
Terence says, "You're history."
Terence completely misses you.
You closely miss Terence.
Terence is lightly wounded.
You barely miss the ball python. Terence hits you with a +0 falchion.
The ball python barely misses you. x2
You barely miss Terence.
Terence is lightly wounded.
You hit the ball python.
You kill the ball python!
Lugonu accepts your kill. Terence hits you with a +0 falchion!
* * * LOW HITPOINT WARNING * * *
Terence barely misses you.
It was a potion of attraction.
You feel attractive to monsters. Terence hits you with a +0 falchion.
You die...

#.
#.###..# #
#....####
#.# ..#
####......
... .#
#.#......#
#.# #
#.#.....#
##.....w#
#.#.....#
#......#
#...@@#
#.....#
#.....#
####..#
#..# #...
#..## ...#


You could see Terence (fast) and a worm.

Vanquished Creatures
  Jessica (D:2)
  5 ball pythons
  5 endoplasms (D:1)
  4 goblins (D:1)
  4 hobgoblins (D:1)
  3 jackals (D:1)
  2 bats (D:1)
  2 frilled lizards (D:1)
  2 kobolds (D:1)
  3 rats (D:1)
31 creatures vanquished.

Notes
Turn   | Place    | Note
-------+----------+-------------------------------------------
     0 | Abyss:1  | croobank the Demonspawn Abyssal Knight began the quest for
                  | the Orb.
     0 | Abyss:1  | Reached XP level 1. HP: 18/18 MP: 2/2
    34 | Abyss:1  | Noticed a thrashing horror
    35 | Abyss:1  | Noticed a starcursed mass
    36 | D:1      | Escaped the Abyss
    95 | D:1      | Reached skill level 1 in Dodging
   347 | D:1      | Gained mutation: Your demonic aura sometimes causes spilled
                  | blood to erupt in flames. [demonic ancestry]
   347 | D:1      | Reached XP level 2. HP: 24/24 MP: 4/4
   727 | D:1      | Found a faded altar of an unknown god.
  1079 | D:1      | Reached ** piety under Lugonu
  1087 | D:1      | Identified a scroll of acquirement
  1087 | D:1      | Acquired the +1 kite shield "Zokupneg" {rN+ Str+4 Dex-4}
  1284 | D:2      | Noticed Jessica
  1289 | D:1      | Reached XP level 3. HP: 27/29 MP: 5/5
  1671 | D:2      | Killed Jessica
  1827 | D:2      | Noticed Terence
  1833 | D:2      | HP: 1/29 [Terence (10)]
  1834 | D:2      | Slain by Terence

Illustrated notes

Levels and vault maps discovered:
D:1:      amcnicky_arrival_choice, layout_basic, ebering_ecumenical_altar_box,
          minmay_domino_2
D:2:      layout_basic, serial_shops, shop_fountains, nicolae_shop_stone,
          nicolae_shop_stone, shop_statue, nicolae_shop_advertising_works
          [nicolae_subvault_shop_adworks], roderic_roman_lattice,
          corexii_item_surrounded_by_moat, uniq_sigmund, uniq_terence,
          uniq_crazy_yiuf_cottage, uniq_jessica

Skill      XL: |  1  2  3 |
---------------+----------+-----
Dodging        | 1 |  1.6
Armour         | 2 |  2.3
Axes           | 2 |  2.2
Invocations    | 3 |  3.2
Fighting       | |  3.4

Action                   || total
-------------------------++-------
Melee: Hand axe          ||    89
       Punch             ||     2
  Use: Scroll            ||     2
       Potion            ||     1
Armor: Leather armour    ||    34
Dodge: Dodged            ||    60

Table legend: (Time is in decaauts)
 A = Elapsed time spent in this place.
 B = Non-inter-level travel time spent in this place.
 C = Inter-level travel time spent in this place.
 D = Time resting spent in this place.
 E = Time spent auto-exploring this place.
 F = Levels seen in this place.
 G = Mean time per level.
                   A        B        C        D        E       F      G
               +--------+--------+--------+--------+--------+-----+--------+
         Total |   1854 |   1824 |     30 |    648 |    856 |   3 |  618.0 |
       Dungeon |   1818 |   1788 |     30 |    648 |    856 |   2 |  909.0 |
         Abyss |     36 |     36 |      0 |      0 |      0 |   1 |   36.0 |
               +--------+--------+--------+--------+--------+-----+--------+

Top non-repeatable levels by time:
     D:1: 1638 daAuts
     D:2: 180 daAuts
 Abyss:1: 36 daAuts
